 Dungeon Crawl Stone Soup version 0.29-a0-321-gf1c400731a (webtiles) character file.

Game seed: 10452399606504303340

6 Morbidden the Skirmisher (level 1, -3/18 HPs)
             Began as a Demonspawn Fighter on Apr 3, 2022.
             Slain by a kobold
             ... wielding a +0 short sword
              (4 damage)
             ... on level 1 of the Dungeon.
             The game lasted 00:00:06 (181 turns).

Morbidden the Skirmisher (Demonspawn Fighter)        Turns: 181, Time: 00:00:07

Health: -3/18      AC:  6    Str: 16    XL:     1   Next: 75%
Magic:  1/1        EV:  8    Int:  9    God:
Gold:   15         SH:  4    Dex: 12    Spells: 0/0 levels left

rFire   . . .      SeeInvis .   a - +0 war axe
rCold   . . .      Faith    .   c - +0 buckler
rNeg    . . .      Spirit   .   b - +0 scale mail
rPois   .          Reflect  .   (no helmet)
rElec   .          Harm     .   (no cloak)
rCorr   .          Rampage  .   (no gloves)
Will    .....                   (no boots)
Stlth   ..........              (no amulet)
HPRegen 0.06/turn               (no ring)
MPRegen 0.07/turn               (no ring)

@: no status effects
A: no striking features
a: no special abilities


You were on level 1 of the Dungeon.
You visited 1 branch of the dungeon, and saw 1 of its levels.

You collected 15 gold pieces.

Inventory:

Hand Weapons
 a - a +0 war axe (weapon)
Armour
 b - a +0 scale mail (worn)
 c - a +0 buckler (worn)
Scrolls
 e - a scroll of magic mapping {unknown}
Potions
 d - 2 potions of might


   Skills:
 + Level 3.1 Fighting
 + Level 1.8 Axes
 + Level 2.7 Armour
 + Level 2.9 Shields


You couldn't memorise any spells.
You didn't know any spells.
Your spell library was empty.

Dungeon Overview and Level Annotations

Branches:
Dungeon (1/15)

Altars:


Message History

A goblin comes into view. It is wielding a +0 club.
The ball python bites you but does no damage.
The ball python constricts you. The goblin hits you with a +0 club.
The kobold throws a stone.
The stone barely misses you.
You escape the ball python's grasp.
You closely miss the ball python.
The ball python is severely wounded.
You block the ball python's attack. The ball python closely misses you.
The ball python bites you. The ball python grabs you.
The ball python constricts you.
You slash the ball python!
You kill the ball python!
A quokka comes into view.
The goblin barely misses you.
The quokka moves out of view.
You hit the goblin.
You kill the goblin!
You closely miss the goblin. The goblin hits you but does no damage.
You hit the goblin but do no damage. The goblin hits you but does no damage.
You block the goblin's attack.
You barely miss the goblin. The goblin hits you but does no damage.
You closely miss the goblin. The goblin hits you but does no damage.
The goblin hits you with a +0 club.
You hit the goblin.
You kill the goblin!
You block the quokka's attack.
You barely miss the quokka.
The quokka bites you but does no damage.
You closely miss the quokka.
The quokka bites you but does no damage.
The quokka bites you.
You closely miss the quokka. The quokka bites you.
* * * LOW HITPOINT WARNING * * *
The quokka bites you.
* * * LOW HITPOINT WARNING * * *
You hit the quokka.
You kill the quokka!
The kobold hits you but does no damage.
You closely miss the kobold.
The kobold hits you with a +0 short sword.
You die...

... #.# #.# #.# #.# #.#
#.# #.# ##### #.# #)#
#.#.... #.# #.# .....
###.###.#####
#.#.#..####...........#
#......K@.....###.###.#
....#..####.### #.# #.#
# #.......# #.# #.#
#.#####.# ###.# #.# #.
#.# #...# #.# #? #.#
#.#####.# # #.#
#.#...#.# #.###..###..#
#.....## ##.#


You could see a kobold.

Vanquished Creatures
  A ball python (D:1)
  2 goblins (D:1)
  A quokka (D:1)
  A kobold (D:1)
5 creatures vanquished.

Notes
Turn   | Place    | Note
-------+----------+-------------------------------------------
     0 | D:1      | Morbidden the Demonspawn Fighter began the quest for the
                  | Orb.
     0 | D:1      | Reached XP level 1. HP: 18/18 MP: 1/1
   181 | D:1      | Slain by a kobold

Illustrated notes

Levels and vault maps discovered:
D:1:      heliophobic_arrival_glass_houses, layout_loops_ring, serial_shops,
          nicolae_shop_behind_doors

Action                   || total
-------------------------++-------
Melee: War axe           ||    20
Armor: Scale mail        ||    11
Dodge: Dodged            ||     4
Block: Buckler           ||     3

Table legend: (Time is in decaauts)
 A = Elapsed time spent in this place.
 B = Non-inter-level travel time spent in this place.
 C = Inter-level travel time spent in this place.
 D = Time resting spent in this place.
 E = Time spent auto-exploring this place.
 F = Levels seen in this place.
 G = Mean time per level.
                   A        B        C        D        E       F      G
               +--------+--------+--------+--------+--------+-----+--------+
         Total |    189 |    189 |      0 |      0 |    152 |   1 |  189.0 |
       Dungeon |    189 |    189 |      0 |      0 |    152 |   1 |  189.0 |
               +--------+--------+--------+--------+--------+-----+--------+

Top non-repeatable levels by time:
     D:1: 189 daAuts
